 Dungeon Crawl Stone Soup version 0.29.0-13-gc9e81de378 (webtiles) character file.

Game seed: 13648645937544448226

36 sentinel the Digger (level 3, -3/26 HPs)
             Began as a Meteoran Earth Elementalist on Sept 9, 2022.
             Slain by Ijyb
             ... wielding a +0 dagger
              (4 damage)
             ... on level 4 of the Dungeon.
             The game lasted 00:01:55 (253 turns).

sentinel the Digger (Meteoran Earth Elementalist)    Turns: 253, Time: 00:01:55

Health: -3/26      AC:  2    Str: 10    XL:     3   Next: 82%
Magic:  1/8        EV: 12    Int: 18    God:
Gold:   0          SH:  0    Dex: 14    Spells: 1/7 levels left

rFire   . . .      SeeInvis .   (no weapon)
rCold   . . .      Faith    .   (no shield)
rNeg    . . .      Spirit   .   a - +0 robe
rPois   .          Reflect  .   (no helmet)
rElec   .          Harm     .   (no cloak)
rCorr   .          Rampage  .   (no gloves)
Will    .....                   (no boots)
Stlth   +.........              (no amulet)
HPRegen 0.08/turn               (no ring)
MPRegen 0.11/turn               (no ring)

@: confused, glowing
A: sense surroundings 1, otherworldly, glowing, explore regen
a: no special abilities


You were on level 4 of the Dungeon.
You visited 1 branch of the dungeon, and saw 4 of its levels.

Inventory:

Armour
 a - a +0 robe (worn)
Scrolls
 e - a scroll of identify {unknown}
Potions
 b - a potion of magic
 c - a potion of attraction {unknown}
 d - a potion of curing {unknown}
 f - a potion of invisibility {unknown}


   Skills:
 - Level 2.4 Dodging
 - Level 1.4 Stealth
 + Level 2.9 Spellcasting
 * Level 1.2 Conjurations
 - Level 1.2 Transmutations
 + Level 4.9 Earth Magic


You had one spell level left.
You knew the following spells:

 Your Spells              Type           Power      Damage    Failure   Level
a - Sandblast             Erth           40%        2d10      2%          1
b - Stone Arrow           Conj/Erth      26%        3d8       14%         3
c - Passwall              Tmut/Erth      10%        N/A       7%          2

Your spell library contained the following spells:

 Spells                   Type           Power      Damage    Failure   Level
 Petrify                  Tmut/Erth      13%        N/A       43%         4


Dungeon Overview and Level Annotations

Branches:
Dungeon (4/15) Zot: 2127
 Temple: D:4-7

Altars:

Annotations:
D:3 3 runed translucent doors, Anothat's ghost, amateur VSBr; DuloT34's ghost, weakling DsNe; ketsa's ghost, amateur OpCj; zurenarrh's ghost, amateur PaFi
D:4 Ijyb


Innate Abilities, Weirdness & Mutations

You passively map a small area around you.
You are easily found by Zot.
You glow in the dark.
You regain HP and MP as you explore.


Message History

The orc hits you with a +0 short sword.
The blast of sand hits the orc but does no damage.
The orc closely misses you. The orc hits you but does no damage.
Ijyb the Twisted Goblin comes into view.
She is wielding a +0 dagger and carrying a wand of charming (12).
The blast of sand hits the orc but does no damage.
The orc barely misses you.
The blast of sand hits the orc.
The orc is severely wounded.
The orc barely misses you. The orc closely misses you.
The blast of sand hits the orc.
You kill the orc!
Ijyb zaps a wand.
You resist with some effort.
The blast of sand hits Ijyb.
Ijyb is lightly wounded.
The blast of sand hits Ijyb but does no damage.
Ijyb is lightly wounded.
Ijyb zaps a wand.
You resist with some effort.
Unknown command.
Ijyb hits you but does no damage. Ijyb attacks as you move away!
Ijyb closely misses you.
The blast of sand hits Ijyb but does no damage.
Ijyb is lightly wounded.
Ijyb barely misses you. x2
Ijyb attacks as you move away! Ijyb hits you with a +0 dagger.
Ijyb hits you with a +0 dagger.
The blast of sand hits Ijyb.
Ijyb is lightly wounded.
Ijyb zaps a wand.
Your will is overpowered!
You are confused.
Ijyb attacks as you move away! Ijyb hits you with a +0 dagger.
Ijyb hits you with a +0 dagger. Ijyb hits you but does no damage.
Ijyb attacks as you move away! Ijyb barely misses you.
You feel less confused. Ijyb hits you but does no damage.
The blast of sand hits Ijyb.
Ijyb is lightly wounded.
Ijyb hits you with a +0 dagger. x2
Ijyb attacks as you move away! Ijyb hits you but does no damage.
Ijyb screams, "I dance on your bones!"
Ijyb zaps a wand.
You resist with some effort.
There is a stone staircase leading up here.
You climb upwards.
Level annotation: 3 runed translucent doors, Anothat's ghost, amateur VSBr; DuloT34's ghost, weakling DsNe; ketsa's ghost, amateur OpCj; zurenarrh's ghost, amateur PaFi
Found 5 gold pieces.
There is a stone staircase leading down here.
The blast of sand misses the bat.
The bat hits you but does no damage.
The blast of sand hits the bat!
You kill the bat!
Found 6 gold pieces.
Found 15 gold pieces.
Found a ring mail.
Found a faded altar of an unknown god.
Found a stone staircase leading up.
An orc comes into view. It is wielding a +0 hand axe.
Found 14 gold pieces and a murky black potion.
The orc shouts!
You hear an angry hiss.
Found 6 gold pieces and a short sword.
A hobgoblin comes into view.
The blast of sand hits the orc!
You kill the orc!
You can't see any susceptible monsters within range! (Use Z to cast anyway.)
An adder comes into view.
The adder hisses angrily.
The blast of sand hits the hobgoblin!
You kill the hobgoblin!
The blast of sand hits the adder!
You kill the adder!
An orc comes into view. It is wielding a +0 whip.
Your Conjurations skill increases to level 1!
You can't see any susceptible monsters within range! (Use Z to cast anyway.)
An orc comes into view. It is wielding a +0 dagger.
An orc comes into view. It is wielding a +0 short sword.
An orc comes into view. It is wielding a +0 flail.
You see here a murky black potion.
f - a murky black potion The orc shouts! x2
An orc comes into view. It is wielding a +0 club.
The orc shouts!
An orc comes into view. It is wielding a +0 club.
The orc moves out of view.
You see here 6 gold pieces.
An orc comes into view. It is wielding a +0 club.
The orc shouts!
An orc comes into view. It is wielding a +1 whip of venom.
The orc shouts!
There is a stone staircase leading down here.
You climb downwards.
Level annotation: Ijyb
There is a stone staircase leading up here.
You can't see any susceptible monsters within range! (Use Z to cast anyway.)
The blast of sand hits Ijyb but does no damage.
Ijyb zaps a wand.
Your will is overpowered!
You are confused.
Ijyb zaps a wand.
You resist with some effort.
You're too confused to cast spells.
You're too confused to cast spells.
Ijyb hits you but does no damage.
You barely miss Ijyb.
Ijyb zaps a wand.
You resist with some effort.
You feel less confused.
The blast of sand misses Ijyb.
Ijyb hits you with a +0 dagger.
The blast of sand hits Ijyb but does no damage.
Ijyb zaps a wand.
You resist with some effort. Ijyb hits you with a +0 dagger.
The blast of sand hits Ijyb but does no damage.
Ijyb zaps a wand.
You resist with some effort.
The blast of sand misses Ijyb.
Ijyb hits you with a +0 dagger. Ijyb barely misses you.
The blast of sand hits Ijyb but does no damage.
Ijyb screams, "Me very upset!"
Ijyb zaps a wand.
You resist with some effort.
The blast of sand hits Ijyb but does no damage.
Ijyb hits you with a +0 dagger.
Ijyb zaps a wand.
You resist with some effort.
The blast of sand hits Ijyb but does no damage.
Ijyb hits you with a +0 dagger.
* * * LOW HITPOINT WARNING * * *
You are too injured to fight recklessly!
Press: ? - help, v - describe, . - travel
Here: Ijyb, wielding a +0 dagger, wearing a +0 ring mail and carrying a wand of charming (1)
The floor.
Casting: Sandblast (safe; 2% risk of failure)
Confirm with . or Enter, or press ? or * to list all spells.
Aiming: Sandblast (safe; 2% risk of failure)
Press: ? - help, Shift-Dir - straight line, f/p - Ijyb
Aim: Ijyb, wielding a +0 dagger, wearing a +0 ring mail and carrying a wand of charming (1) (81% to hit)
Okay, then.
Unknown command.
Press: ? - help, v - describe, . - travel
Here: Ijyb, wielding a +0 dagger, wearing a +0 ring mail and carrying a wand of charming (1)
The floor.
You are too injured to fight recklessly!
Casting: Sandblast (safe; 2% risk of failure)
Confirm with . or Enter, or press ? or * to list all spells.
Aiming: Sandblast (safe; 2% risk of failure)
Press: ? - help, Shift-Dir - straight line, f/p - Ijyb
Aim: Ijyb, wielding a +0 dagger, wearing a +0 ring mail and carrying a wand of charming (1) (81% to hit)
The blast of sand hits Ijyb but does no damage.
Ijyb zaps a wand.
Your will is overpowered!
You are confused.
The now-empty wand crumbles to dust.
Ijyb hits you with a +0 dagger.
* * * LOW HITPOINT WARNING * * *
HP warning!
You're too confused to cast spells.
Unknown command.
You're too confused to cast spells.
Unknown command.
Ijyb hits you with a +0 dagger.
* * * LOW HITPOINT WARNING * * *
HP warning!
Ijyb hits you with a +0 dagger.
You die...

.. * ..#*, *, , #.
..# .####.### ..#
, ........####..#
, , #..<[.....##,,
#.#........# ,
,*#.[........###.*
, *#..............
* *
,*#...@g.>...###.,
#..........###
#.......P....#
#..<......P♣.#
##..##......P#* *
* * #..##.♣..P.PP#
#..##...~~...♣ * ,
,...##..♣~~~~..
##.###.P.♣~~~.. *


You could see Ijyb.

Vanquished Creatures
  2 adders
  A worm (D:3)
  A dart slug (D:3)
  2 orcs
  An endoplasm (D:4)
  A hobgoblin (D:3)
  A quokka (D:3)
  A ball python (D:3)
  2 bats
  A kobold (D:3)
13 creatures vanquished.

Notes
Turn   | Place    | Note
-------+----------+-------------------------------------------
     0 | D:1      | sentinel the Meteoran Earth Elementalist began the quest
                  | for the Orb.
     0 | D:1      | Reached XP level 1. HP: 14/14 MP: 5/5
    46 | D:2      | Reached skill level 4 in Earth Magic
    46 | D:2      | Reached XP level 2. HP: 19/20 MP: 3/6
    90 | D:3      | Learned a level 2 spell: Passwall
   104 | D:3      | Found a runed translucent gate.
   104 | D:3      | Found a runed translucent gate.
   105 | D:3      | Found a runed translucent gate.
   106 | D:3      | Noticed DuloT34's ghost (weakling DsNe)
   106 | D:3      | Noticed ketsa's ghost (amateur OpCj)
   107 | D:3      | Noticed Anothat's ghost (amateur VSBr)
   110 | D:3      | Noticed zurenarrh's ghost (amateur PaFi)
   129 | D:3      | Reached XP level 3. HP: 26/26 MP: 6/8
   133 | D:3      | Learned a level 3 spell: Stone Arrow
   152 | D:4      | Noticed Ijyb
   194 | D:3      | Found a faded altar of an unknown god.
   214 | D:3      | Reached skill level 1 in Conjurations
   252 | D:4      | HP: 1/26 [Ijyb/+0 dagger (3)]
   253 | D:4      | Slain by Ijyb

Illustrated notes

Levels and vault maps discovered:
D:1:      lemuel_arrival_river_ford, layout_loops_ring
D:2:      layout_loops_cross, serial_shops, shop, basic_altar
D:3:      layout_basic, chequers_ecumenical_altar_simple_redux,
          gammafunk_ghost_cemetery, minmay_tree_intersection
D:4:      layout_loops_ring, nicolae_hepliaklqana_hippocampus, elyvilon_altar_5,
          pdpol_temple_overflow_zin_treasury_gozag_greed,
          nicolae_qazlal_general_emergency, minmay_temple_entry_nine_rooms,
          serial_bayou_pond_a, dk_vineyard_2, hangedman_decor_diamond_cutter,
          uniq_ijyb, uniq_blork_the_orc

Skill      XL: |  1  2  3 |
---------------+----------+-----
Earth Magic    | 4 |  4.9
Conjurations   | 1 |  1.2
Dodging        | |  2.4
Stealth        | |  1.4
Spellcasting   | |  2.9
Transmutations | |  1.2

Action                   || total
-------------------------++-------
Melee: Unarmed           ||     1
 Cast: Sandblast         ||    37
       Passwall          ||     1
Armor: Robe              ||     7
Dodge: Dodged            ||    15
